 Dungeon Crawl Stone Soup version 0.29.1-15-g9cfb28693d (webtiles) character file.

Game seed: 7404430780625974716

89 Edyrem the Magician (level 4, 32/33 HPs)
             Began as a Djinni Fire Elementalist on Apr 11, 2023.
             Quit the game on level 3 of the Dungeon on May 1, 2023.
             The game lasted 00:09:48 (3589 turns).

Edyrem the Magician (Djinni Fire Elementalist)      Turns: 3589, Time: 00:09:49

Health: 32/33      AC:  3    Str:  7    XL:     4   Next: 84%
Gold:   156        EV: 12    Int: 19    God:
                   SH:  0    Dex: 13

rFire   + + .      SeeInvis .   j - +4 whip
rCold   x . .      Faith    .   (no shield)
rNeg    . . .      Spirit   .   a - +0 robe
rPois   ∞          Reflect  .   k - +1 hat
rElec   .          Harm     .   (no cloak)
rCorr   .          Rampage  .   (no gloves)
Will    .....                   (boots unavailable)
Stlth   ++........              (no amulet)
HPRegen 0.11/turn               (no ring)
MPRegen 0.00/turn               (no ring)

@: flying
A: sickness immunity, fire resistance 2, cold vulnerability 1, float, innate
caster, HP casting, extra vitality 1
a: no special abilities


You were on level 3 of the Dungeon.
You visited 1 branch of the dungeon, and saw 3 of its levels.

You collected 156 gold pieces.

Inventory:

Hand Weapons
 c - a +0 club
 j - a +4 whip (weapon)
 m - a +0 broad axe
Missiles
 g - 14 stones
Armour
 a - a +0 robe (worn)
 k - a +1 hat (worn)
Magical Staves
 h - a staff of cold
 i - a staff of conjuration
Scrolls
 b - 3 scrolls of immolation {unknown}
 d - 2 scrolls of magic mapping {unknown}
 f - a scroll of identify {unknown}
 l - a scroll of acquirement {unknown}
Potions
 e - 2 potions of curing {unknown}


   Skills:
 + Level 2.1 Fighting
 - Level 2.1 Dodging
 - Level 1.5 Stealth
 * Level 3.5 Spellcasting


You couldn't memorise any spells.
You knew the following spells:

 Your Spells              Type           Power      Damage    Failure   Level
a - Foxfire               Conj/Fire      68%        2x1d7     3%          1
b - Scorch                Fire           34%        2d6       4%          2
c - Conjure Flame         Conj/Fire      17%        6-21      10%         3
d - Inner Flame           Hex/Fire       17%        N/A       10%         3
e - Flame Wave            Conj/Fire      17%        2d7       32%         4
f - Beastly Appendage     Tmut           34%        N/A       3%          1
Your spell library was empty.

Dungeon Overview and Level Annotations

Branches:
Dungeon (3/15)

Altars:


Innate Abilities, Weirdness & Mutations

You are immune to sickness and miasma.
You are immune to poison.
Your flesh is very heat resistant. (rF++)
You are vulnerable to cold. (rC-)
You float through the air rather than walking.
You learn spells naturally, not from books.
Your magical power is your life essence.
You have superior vitality. (+4 MHP)


Message History

Your foxfire dissipates!
Your foxfire dissipates!
Your foxfire dissipates! x2
You hear the slow rusting of a very distant drain.
You hear the rusting of a very distant drain.
HP restored.
Found a robe.
d - 2 scrolls labelled XYVYAQ ZEQIC (gained 1)
A rat comes into view.
Casting: Foxfire (safe; 3% risk of failure)
Confirm with . or Enter, or press ? or * to list all spells.
Flames lash the rat.
You kill the rat!
Found an escape hatch in the floor.
A frilled lizard comes into view.
Found a trident and a chain mail.
Casting: Scorch (safe; 4% risk of failure)
Confirm with . or Enter, or press ? or * to list all spells.
Flames lash the frilled lizard.
You kill the frilled lizard!
You hear the rusting of a distant drain.
There is an escape hatch in the floor here.
Found a flail.
A giant cockroach comes into view.
Casting: Scorch (safe; 4% risk of failure)
Confirm with . or Enter, or press ? or * to list all spells.
You can't see any susceptible monsters within range! (Use Z to cast anyway.)
Casting: Scorch (safe; 4% risk of failure)
Confirm with . or Enter, or press ? or * to list all spells.
You can't see any susceptible monsters within range! (Use Z to cast anyway.)
Casting: Scorch (safe; 4% risk of failure)
Confirm with . or Enter, or press ? or * to list all spells.
Flames lash the giant cockroach.
You kill the giant cockroach!
Things that are here:
a +0 flail; a giant cockroach corpse
Found a broad axe.
You see here a +0 broad axe.
m - a +0 broad axe Are you sure you want to abandon this character and quit the game? (Confirm with "yes".)

### ... #.. #.#
....# #.# #...#
#.###.#####.#
#...#
#....@......#
#...#
#.###.#######
#...# #.# #...#
#.# #...##
#.###########.....
#..)..........#.#.
###.###.#######.#.
##### .....# #.#
#.#.
#...######.......#
#.# #.#.


There were no monsters in sight!

Vanquished Creatures
  Robin (D:2)
  3 dart slugs
  An orc (D:3)
  5 endoplasms
  12 giant cockroaches
  14 goblins
  3 hobgoblins (D:2)
  3 kobolds
  2 quokkas (D:1)
  5 ball pythons
  2 bats
  3 frilled lizards
  9 rats
63 creatures vanquished.

Vanquished Creatures (collateral kills)
  3 foxfires (D:1)
3 creatures vanquished.

Vanquished Creatures (others)
  216 foxfires
  2 plants (D:1)
218 creatures vanquished.

Grand Total: 284 creatures vanquished

Notes
Turn   | Place    | Note
-------+----------+-------------------------------------------
     0 | D:1      | Edyrem the Djinni Fire Elementalist began the quest for the
                  | Orb.
     0 | D:1      | Edyrem set off with the following spells memorised:
                  | Foxfire, Scorch, Conjure Flame, Inner Flame, Flame Wave.
     0 | D:1      | Reached XP level 1. HP: 15/15 MP: 0/0
   271 | D:1      | Reached XP level 2. HP: 15/22 MP: 0/0
   723 | D:1      | Reached skill level 1 in Fighting
   808 | D:1      | Reached XP level 3. HP: 18/27 MP: 0/0
   808 | D:1      | Learned a level 1 spell: Beastly Appendage
   834 | D:1      | Reached skill level 3 in Spellcasting
  1660 | D:2      | Noticed Robin
  1670 | D:2      | HP: 1/27 [cloud of flame (5)]
  2082 | D:2      | Found a faded altar of an unknown god.
  2292 | D:2      | Reached XP level 4. HP: 20/32 MP: 0/0
  2323 | D:2      | Killed Robin
  3589 | D:3      | Quit the game

Illustrated notes

Levels and vault maps discovered:
D:1:      dpeg_arrival_castle, layout_rooms, minmay_misc_feat_encased,
          moated_statue, minmay_misc_feat_square, serial_bayou_ford_a,
          minmay_worlds_worst_comb
D:2:      layout_basic, hellmonk_ecumenical_altar_slurped_away, minivault_24,
          uniq_robin
D:3:      layout_loops_ring, nicolae_vehumet_radiance, gup_sewer_entry_spiral,
          st_stairs_11

Skill      XL: |  1  2  3  4 |
---------------+-------------+-----
Fighting       | 1 2 |  2.1
Spellcasting   | 3 |  3.5
Dodging        | |  2.1
Stealth        | |  1.5

Action                   |  1- 3 |  4- 6 || total
-------------------------+-------+-------++-------
Melee: Staff             |     2 |       ||     2
       Club              |     1 |       ||     1
       Whip              |       |     7 ||     7
 Cast: Foxfire           |   108 |    30 ||   138
       Conjure Flame     |     2 |       ||     2
       Scorch            |     1 |    12 ||    13
Armor: Robe              |     5 |     2 ||     7
Dodge: Dodged            |    10 |     5 ||    15
